 Dungeon Crawl Stone Soup version 0.30-a0-385-gfebfb9b408 (webtiles) character file.

Game seed: 17561214560803162796

1363 karrick the Cudgeller (level 8, -1/49 HPs)
             Began as a Gargoyle Fighter on Dec 3, 2022.
             Killed from afar by Dowan (2 damage)
             ... with a puff of frost
             ... on level 5 of the Dungeon.
             The game lasted 00:09:56 (4139 turns).

karrick the Cudgeller (Gargoyle Fighter)            Turns: 4139, Time: 00:09:57

Health: -1/49      AC: 13    Str: 20    XL:     8   Next: 64%
Magic:  8/8        EV: 11    Int:  9    God:
Gold:   263        SH:  5    Dex: 11    Spells: 7/7 levels left

rFire   . . .      SeeInvis .    a - +0 flail
rCold   . . .      Faith    +    c - +0 buckler
rNeg    + . .      Spirit   .    f - +0 steam dragon scales
rPois   ∞          Reflect  .    w - +0 helmet
rElec   +          Harm     .    (no cloak)
rCorr   .          Rampage  .    (no gloves)
Will    .....                    (no boots)
Stlth   +.........               t - amulet of faith
HPRegen 0.28/turn                (no ring)
MPRegen 0.11/turn                (no ring)

@: lit by a corona, glowing
A: sickness immunity, AC +5, negative energy resistance 1, electricity
resistance, torment resistance 1, petrification resistance
a: no special abilities


You were on level 5 of the Dungeon.
You visited 1 branch of the dungeon, and saw 7 of its levels.
You also visited: Sewer.

You collected 263 gold pieces.

Inventory:

Hand Weapons
 a - a +0 flail (weapon)
Missiles
 r - a throwing net (quivered)
Armour
 b - a +0 scale mail
 c - a +0 buckler (worn)
 f - +0 steam dragon scales (worn)
 w - a +0 helmet (worn)
Jewellery
 t - an amulet of faith (around neck)
Scrolls
 d - a scroll of summoning {unknown}
 e - a scroll of torment {unknown}
 i - 2 scrolls of enchant weapon
 j - a scroll of noise
 k - a scroll of poison
 l - a scroll of vulnerability
 n - 2 scrolls of immolation
 o - a scroll of fog {unknown}
 p - a scroll of blinking {unknown}
 q - a scroll of acquirement {unknown}
 s - 2 scrolls of fear {unknown}
 u - 2 scrolls of identify
 v - a scroll of magic mapping {unknown}
Potions
 g - a potion of curing {unknown}
 h - a potion of brilliance
 x - a potion of flight {unknown}
Miscellaneous
 m - a phial of floods


   Skills:
 + Level 5.1 Fighting
 + Level 7.4 Maces & Flails
 + Level 6.0 Armour
 + Level 1.7 Stealth
 + Level 5.6 Shields


You had 7 spell levels left.
You didn't know any spells.
Your spell library contained the following spells:

 Spells                   Type           Power      Damage    Failure   Level
 Summon Small Mammal      Summ           0%         N/A       45%         1
 Blink                    Tloc           0%         N/A       61%         2
 Momentum Strike          Conj/Tloc      0%         3d8       61%         2
 Scorch                   Fire           0%         2d5       61%         2
 Call Canine Familiar     Summ           0%         N/A       83%         3
 Ignite Poison            Fire/Tmut/Pois 0%         N/A       83%         3
 Kindle Blastsparks       Fire/Tloc/Air  0%         2d10      83%         3
 Lesser Beckoning         Tloc           0%         N/A       83%         3
 Summon Guardian Golem    Hex/Summ       0%         N/A       83%         3
 Flame Wave               Conj/Fire      0%         2d4       99%         4
 Freezing Cloud           Conj/Ice/Air   0%         6-21      100%        5
 Summon Cactus Giant      Summ           0%         N/A       100%        6


Dungeon Overview and Level Annotations

Branches:
Dungeon (7/15)              Sewer (visited)
 Temple: D:4-7

Altars:
Cheibriados
Fedhas
Gozag
Makhleb

Shops:
D:4 (

Annotations:
D:3 2 transporters
D:5 Dowan, Duvessa


Innate Abilities, Weirdness & Mutations

You are immune to sickness and miasma.
Your stone body is resilient. (AC +5)
You are immune to poison.
You resist negative energy. (rN+)
You are resistant to electric shocks. (rElec)
You are resistant to unholy torment.
You are immune to petrification.


Message History

The grasping roots release their grip on you.
You hit Duvessa but do no damage.
Duvessa is severely wounded.
Dowan mumbles some strange words.
Dowan blinks!
Duvessa zaps a wand.
The roots erupt in riotous growth!
The grasping roots grab you!
Duvessa is unaffected.
The grasping roots constrict you.
Unknown command.
You hit Duvessa but do no damage.
Duvessa is severely wounded.
Duvessa hits you but does no damage. The grasping roots constrict you.
Unknown command.
The air fills with toxic fumes!
As you read the scroll of poison, it crumbles to dust.
Duvessa hits you but does no damage. The grasping roots constrict you.
* * * LOW HITPOINT WARNING * * *
The grasping roots release their grip on you.
Unknown command.
Duvessa attacks as you move away! Duvessa hits you with a +0 short sword.
* * * LOW HITPOINT WARNING * * *
Dowan seems less brilliant.
Dowan barely misses you.
Unknown command.
Dowan casts a spell at Duvessa.
Duvessa seems to speed up.
Unknown command.
Dowan hits you but does no damage.
Dowan zaps a wand.
The roots erupt in riotous growth!
The grasping roots grab you! The grasping roots constrict you.
* * * LOW HITPOINT WARNING * * *
Duvessa says, "When magic and the sword combine, nothing stands against them."
Unknown command.
The roots grasp on you weakens, but your attempt to escape fails.
The grasping roots constrict you.
* * * LOW HITPOINT WARNING * * *
The grasping roots release their grip on you.
Unknown command.
Dowan gestures at you while chanting. The puff of frost hits you.
You die...

#..#######.####.######.⌠...⌠
#..# #>...........#†.....
#..# #.#####.##...'†..⌠..
#..######.#####.##...#......
#.............#.##...#.⌠...⌠
#.#######.###.#.######......
#...............# ####'##
######§○§§§○#.#########.....
#§§§§☼@#...............
#§☼○§§§#...............
#○§§☼§§#..#.#..........
#.☼☼§§§#.†#.#..........
#..☼e§.#..#.#......####
####§###..#.#.....## #e#
.............
#.##.###.#.....### #.##.
#.#.#####


You could see Duvessa (fast) and Dowan.

Vanquished Creatures
  Prince Ribbit (D:5)
  A steam dragon (D:7)
  Edmund (D:5)
  A black bear (D:7)
  Pargi (Sewer)
  A kobold brigand (D:7)
  Blork the orc (D:5)
  2 necrophages
  2 scorpions (D:5)
  A crimson imp (D:7)
  2 hounds
  A jelly (D:6)
  Jessica (D:2)
  2 iguanas
  5 adders
  2 river rats (D:3)
  2 white imps
  3 dart slugs
  2 worms (D:3)
  4 orcs
  8 endoplasms
  5 giant cockroaches
  2 hobgoblins
  4 jackals (D:3)
  10 kobolds
  4 quokkas
  3 ball pythons
  6 bats
  2 frilled lizards (D:1)
  6 goblins
  13 rats
99 creatures vanquished.

Vanquished Creatures (others)
  A shadow imp (D:7)
1 creature vanquished.

Grand Total: 100 creatures vanquished

Notes
Turn   | Place    | Note
-------+----------+-------------------------------------------
     0 | D:1      | karrick the Gargoyle Fighter began the quest for the Orb.
     0 | D:1      | Reached XP level 1. HP: 14/14 MP: 1/1
   177 | D:1      | Reached XP level 2. HP: 16/19 MP: 2/2
   706 | D:2      | Reached XP level 3. HP: 24/24 MP: 3/3
   914 | D:2      | Found a burning altar of Makhleb.
   966 | D:2      | Noticed Jessica
   988 | D:2      | Killed Jessica
   989 | D:2      | Reached skill level 3 in Maces & Flails
   989 | D:2      | Reached XP level 4. HP: 7/29 MP: 4/4
  1245 | D:3      | Found a transporter.
  1325 | D:3      | Found a snail-covered altar of Cheibriados.
  1402 | D:3      | Found a glowing drain.
  1434 | Sewer    | Entered a sewer
  1557 | Sewer    | Noticed Pargi
  1590 | Sewer    | Killed Pargi
  1591 | Sewer    | Reached XP level 5. HP: 9/33 MP: 5/5
  1732 | Sewer    | Reached skill level 4 in Maces & Flails
  2051 | D:3      | Found a transporter.
  2391 | D:4      | Reached XP level 6. HP: 38/38 MP: 6/6
  2400 | D:4      | Found an opulent altar of Gozag.
  2409 | D:4      | Found a blossoming altar of Fedhas.
  2578 | D:4      | Found Hubitz's Weapon Shop.
  2776 | D:5      | Entered Level 5 of the Dungeon
  2905 | D:5      | You fall into a shaft and drop 2 floors!
  2922 | D:7      | Noticed a steam dragon
  2931 | D:7      | Noticed a two-headed ogre
  2978 | D:7      | Noticed a black bear
  2990 | D:7      | Reached skill level 5 in Maces & Flails
  2990 | D:7      | Reached XP level 7. HP: 18/44 MP: 7/7
  3140 | D:7      | Killed a steam dragon
  3141 | D:7      | Reached skill level 5 in Armour
  3141 | D:7      | Reached skill level 1 in Stealth
  3410 | D:7      | Reached skill level 5 in Shields
  3540 | D:5      | Reached skill level 6 in Maces & Flails
  3614 | D:5      | Reached XP level 8. HP: 38/48 MP: 8/8
  3652 | D:5      | Noticed Blork the orc
  3661 | D:5      | Killed Blork the orc
  3776 | D:5      | Noticed Edmund
  3795 | D:5      | Killed Edmund
  3910 | D:5      | Noticed Prince Ribbit
  3927 | D:5      | Killed Prince Ribbit
  3928 | D:5      | Reached skill level 5 in Fighting
  3928 | D:5      | Reached skill level 7 in Maces & Flails
  4114 | D:5      | Noticed Duvessa
  4115 | D:5      | Noticed Dowan
  4138 | D:5      | HP: 1/49 [constriction (4)]
  4139 | D:5      | Killed from afar by Dowan

Illustrated notes

Levels and vault maps discovered:
D:1:      eino_arrival_tree_alley, layout_rooms, kennysheep_crisscross,
          serial_park_tiny_pond, st_stairs_4
D:2:      layout_basic, basic_altar, uniq_jessica
D:3:      gammafunk_wand_slinger, layout_basic,
          mainiacjoe_overflow_surrounded_room, portal_sewer_entry_c,
          nicolae_concentric_dashed_squares_mild
D:4:      layout_basic, fedhas_altar_1,
          mainiacjoe_overflow_concentric_impassable, gammafunk_ghost_cemetery,
          serial_shops, nicolae_shop_bloodbath_and_beyond
D:5:      layout_basic, led_xom_imps, mrwooster_statue_mirror,
          chequers_serial_rivers_small_3, minmay_fountain_box, minivault_24,
          uniq_prince_ribbit1, uniq_duvessa, uniq_edmund, uniq_blork_the_orc
D:6:      layout_basic, elyvilon_altar_3, vehumet_statue,
          minmay_temple_entry_statues, serial_shops, nicolae_diamond_shop,
          serial_bayou, serial_bayou_lagoon_a, serial_bayou_pond_a,
          serial_bayou_lagoon_b, serial_bayou_pond_c, kennysheep_minor_cross
D:7:      layout_gridville, nicolae_qazlal_scattered_showers,
          minmay_fire_ice_demons

Skill      XL: |  1  2  3  4  5  6  7  8 |
---------------+-------------------------+-----
Maces & Flails | 3 4 5 6 7 |  7.4
Armour         | 4 5 6 |  6.0
Fighting       | 4 5 |  5.1
Shields        | 4 5 |  5.6
Stealth        | 1 |  1.7

Action                   |  1- 3 |  4- 6 |  7- 9 || total
-------------------------+-------+-------+-------++-------
Melee: Flail             |    96 |   195 |   161 ||   452
Throw: Throwing net      |       |       |     1 ||     1
  Use: Potion            |     1 |     2 |       ||     3
       Scroll            |       |     8 |     2 ||    10
 Stab: Sleeping          |       |       |     1 ||     1
Armor: Scale mail        |    47 |   103 |     8 ||   158
       Skin              |       |    59 |     4 ||    63
       Steam dragon scal |       |       |    53 ||    53
Dodge: Dodged            |    53 |    73 |    64 ||   190
Block: Buckler           |    23 |    68 |    37 ||   128

Table legend: (Time is in decaauts)
 A = Elapsed time spent in this place.
 B = Non-inter-level travel time spent in this place.
 C = Inter-level travel time spent in this place.
 D = Time resting spent in this place.
 E = Time spent auto-exploring this place.
 F = Levels seen in this place.
 G = Mean time per level.
                   A        B        C        D        E       F      G
               +--------+--------+--------+--------+--------+-----+--------+
         Total |   4239 |   4197 |     42 |    273 |   2640 |   8 |  529.9 |
       Dungeon |   3874 |   3832 |     42 |    273 |   2371 |   7 |  553.4 |
         Sewer |    365 |    365 |      0 |      0 |    269 |   1 |  365.0 |
               +--------+--------+--------+--------+--------+-----+--------+

Top non-repeatable levels by time:
     D:3: 818 daAuts
     D:5: 758 daAuts
     D:1: 632 daAuts
     D:2: 623 daAuts
     D:7: 561 daAuts
     D:4: 411 daAuts
   Sewer: 365 daAuts
     D:6: 68 daAuts
